 Dungeon Crawl Stone Soup version 0.31.0-9-g3a7656b989 (webtiles) character file.

Game seed: 4846808306119879143

63 dialectric the Changeling (level 3, 0/33 HPs)
             Began as a Troll Shapeshifter on Jan 24, 2024.
             Succumbed to a goblin's poison
             ... on level 2 of the Dungeon.
             The game lasted 00:00:56 (633 turns).

dialectric the Changeling (Troll Shapeshifter)       Turns: 633, Time: 00:00:56

Health: 0/33       AC:  4    Str: 28    XL:     3   Next: 87%
Magic:  2/2        EV: 10    Int:  6    God:
Gold:   99         SH:  0    Dex: 11    Spells: 2/2 levels left

rFire   . . .        e - +0 whip (elec)
rCold   . . .        (no shield)
rNeg    . . .        a - +0 animal skin
rPois   .            (helmet currently unavailable)
rElec   .            (cloak currently unavailable)
rCorr   .            (gloves unavailable)
SInv    .            (boots unavailable)
Will    .....        (no amulet)
Stlth   +            g - +6 ring of strength
HPRegen 1.05/turn    (no ring)
MPRegen 0.08/turn

%: no passive effects
@: lethally poisoned (0 -> -12), beast-form, attractive
A: beast (slay +2), large, unfitting armour, claws 3, regeneration 1, shaggy fur
1, tough skin 1
a: Begin Untransformation


You were on level 2 of the Dungeon.
You were a hulking beast.
You visited 1 branch of the dungeon, and saw 2 of its levels.

You collected 99 gold pieces.

Inventory:

Hand Weapons
 e - a +0 whip of electrocution (weapon)
Armour
 a - a +0 animal skin (worn)
Jewellery
 g - a +6 ring of strength (left claw)
 m - an amulet of faith
Talismans
 c - a beast talisman
 d - a flux talisman
Scrolls
 f - a scroll of amnesia {unknown}
 i - a scroll of enchant weapon {unknown}
 j - a scroll of poison {unknown}
 k - a scroll of noise {unknown}
 o - a scroll of identify {unknown}
Potions
 b - 2 potions of lignification
 h - a potion of haste {unknown}
 l - a potion of degeneration {unknown}
 n - a potion of curing {unknown}


   Skills:
 + Level 1.1 Fighting
 + Level 1.0 Maces & Flails
 + Level 2.0 Dodging
 + Level 0.2 Stealth
 - Level 3.0 Unarmed Combat
 + Level 3.9 Shapeshifting


You had 2 spell levels left.
You didn't know any spells.
Your spell library contained the following spells:

 Spells                   Type           Power      Damage    Failure   Level
 Ozocubu's Armour         Ice            0%         N/A       83%         3
 Metabolic Englaciation   Hex/Ice        0%         N/A       100%        5
 Sculpt Simulacrum        Ice/Alch       0%         N/A       100%        6


Dungeon Overview and Level Annotations

Branches:
Dungeon (2/15)

Altars:


Innate Abilities, Weirdness & Mutations

You are a hulking beast.
Your limbs bulge with bestial killing power. (Slay +2)
You are too large for most types of armour.
You have claws for hands.
Your natural rate of healing is unusually fast.
You are covered in fur. (AC +1)
You have tough skin. (AC +1)


Message History

You miss the goblin.
You feel very sick. The goblin hits you but does no damage.
You hit the dart slug.
The dart slug is severely wounded.
You feel sick. The goblin hits you but does no damage.
You are more poisoned.
The dart slug barely misses you.
You hit the dart slug.
You kill the dart slug!
You feel very sick. The goblin hits you but does no damage.
You are more poisoned.
Your Dodging skill increases to level 2!
You barely miss the goblin.
You feel very sick.
The goblin hits you with a +1 dagger of venom.
You are lethally poisoned!
You closely miss the goblin.
You feel very sick. The goblin hits you but does no damage.
You are more poisoned.
You are too injured to fight recklessly!
You are too injured to fight recklessly!
You are too injured to fight recklessly!
You are too injured to fight recklessly!
You are too injured to fight recklessly!
Unknown command.
You hit the goblin.
You kill the goblin!
* * * LOW HITPOINT WARNING * * *
You feel extremely sick.
* * * LOW HITPOINT WARNING * * *
You feel very sick.
Things that are here:
a +1 dagger of venom; a goblin corpse Unknown command.
It was a potion of attraction.
You feel attractive to monsters.
You die...

..# ##...## ### ##+# #
####### #......
######### #.#####
#.......# #.#
#.##....##.# #.#
#......h##.# #.#####
####....##.#######.##...
#.#................## #
#####.#######...... ...#
####### #####


There were no monsters in sight!

Vanquished Creatures
  Terence (D:2)
  An adder (D:2)
  A dart slug (D:2)
  A bat (D:2)
  2 endoplasms (D:1)
  5 goblins
  A hobgoblin (D:1)
  3 jackals (D:1)
  A quokka (D:1)
  3 ball pythons (D:1)
  3 kobolds (D:1)
  2 rats
24 creatures vanquished.

Notes
Turn   | Place    | Note
-------+----------+-------------------------------------------
     0 | D:1      | dialectric the Troll Shapeshifter began the quest for the
                  | Orb.
     0 | D:1      | Reached XP level 1. HP: 18/18 MP: 0/0
   130 | D:1      | Reached XP level 2. HP: 26/26 MP: 1/1
   482 | D:2      | Found a faded altar of an unknown god.
   488 | D:2      | Reached skill level 1 in Fighting
   488 | D:2      | Reached XP level 3. HP: 30/33 MP: 2/2
   507 | D:2      | Noticed Terence
   520 | D:2      | Killed Terence
   521 | D:2      | Reached skill level 1 in Maces & Flails
   633 | D:2      | Succumbed to a goblin's poison

Illustrated notes

Levels and vault maps discovered:
D:1:      amcnicky_arrival_choice, layout_rooms
D:2:      layout_loops_corners, chequers_ecumenical_altar_simple_redux,
          chequers_serial_rivers_micro_c, uniq_terence

Skill      XL: |  1  2  3 |
---------------+----------+-----
Fighting       | 1 |  1.1
Maces & Flails | 1 |  1.0
Dodging        | 2 |  2.0
Stealth        | |  0.2
Unarmed Combat | |  3.0
Shapeshifting  | |  3.9

Action                     || total
---------------------------++-------
  Melee: Whip              ||    67
         Unarmed           ||     8
         Punch             ||     2
    Use: Potion            ||     1
 Armour: Animal skin       ||    57
  Dodge: Dodged            ||    26
